Map: Orbital Shipyard

Players

PargeLenis - Winner!

  • Race: Protoss Protoss
  • League: Master

MCanning

  • Race: Protoss Protoss
  • League: Grandmaster

VOD

Have the link to the VOD?

Description

Time

  • Played on: Jan. 2, 2016, 4:35 a.m.
  • Length: 12:48
Show
View Real Time Build Order
Export as new Build Order

PargeLenis Protoss - Winner!

Build Orders: Phoenix Opening 

Get SALT Encoding   

  12  0:01  Probe (Chrono Boost)  
  13  0:12  Probe (Chrono Boost)  
  14  0:17  Pylon  
  14  0:22  Probe (Chrono Boost)  
  15  0:36  Probe (Chrono Boost)  
  15  0:37  Gateway  
  16  0:46  Probe (Chrono Boost)  
  16  0:47  Assimilator  
  17  0:53  Assimilator  
  18  0:57  Probe (Chrono Boost)  
  18  1:04  Pylon  
  18  1:07  Probe (Chrono Boost)  
  19  1:18  Probe (Chrono Boost)  
  20  1:24  Cybernetics Core  
  20  1:34  Probe (Chrono Boost)  
  21  1:44  Probe (Chrono Boost)  
  22  1:55  Probe (Chrono Boost)  
  23  2:03  Stalker, Warp Gate  
  23  2:06  Mothership Core (Chrono Boost)  
  27  2:19  Nexus  
  27  2:29  Stargate  
  27  2:38  Stalker  
  27  2:40  Probe (Chrono Boost)  
  30  2:47  Pylon  
  30  2:51  Probe (Chrono Boost)  
  31  3:05  Probe (Chrono Boost)  
  32  3:13  Phoenix (Chrono Boost)  
  32  3:15  Probe  
  32  3:19  Stalker  
  37  3:25  Pylon  
  37  3:28  Probe  
  37  3:33  Probe  
  38  3:35  Phoenix (Chrono Boost)  
  38  3:40  Probe  
  42  3:44  Probe  
  43  3:52  Probe  
  43  3:54  Probe  
  44  3:57  Phoenix (Chrono Boost)  
  47  4:04  Probe  
  47  4:05  Probe  
  49  4:17  Probe  
  49  4:19  Phoenix (Chrono Boost)  
  49  4:22  Probe  
  53  4:30  Nexus  
  53  4:39  Probe  
  53  4:41  Probe, Phoenix (Chrono Boost)  
  57  4:48  Robotics Facility  
  57  4:49  Pylon  
  57  4:50  Probe  
  58  4:53  Probe  
  58  4:54  Pylon  
  59  5:00  Assimilator  
  59  5:01  Probe (Chrono Boost)  
  59  5:05  Probe (Chrono Boost), Assimilator  
  61  5:07  Pylon  
  61  5:10  Pylon  
  61  5:13  Probe (Chrono Boost)  
  62  5:16  Probe (Chrono Boost)  
  62  5:19  Void Ray  
  67  5:23  Probe (Chrono Boost)  
  67  5:27  Probe (Chrono Boost)  
  69  5:30  Forge  
  69  5:32  Pylon  
  69  5:34  Probe (Chrono Boost)  
  71  5:35  Observer  
  71  5:38  Stargate  
  71  5:40  Probe (Chrono Boost)  
  72  5:44  Probe (Chrono Boost)  
  72  5:49  Probe (Chrono Boost)  
  74  5:53  Pylon  
  74  5:56  Probe (Chrono Boost)  
  75  6:01  Immortal  
  75  6:02  Probe (Chrono Boost)  
  75  6:03  Probe (Chrono Boost)  
  75  6:06  Void Ray (Chrono Boost)  
  75  6:09  Probe  
  84  6:12  Probe, Assimilator  
  84  6:14  Probe  
  84  6:18  Assimilator  
  86  6:21  Probe  
  87  6:25  Probe  
  87  6:27  Probe  
  87  6:32  Void Ray (Chrono Boost)  
  93  6:33  Probe  
  93  6:35  Immortal  
  93  6:36  Probe  
  93  6:39  Probe  
  96  6:40  Pylon  
  96  6:45  Probe  
  96  6:47  Probe  
  101  6:49  Void Ray (Chrono Boost)  
  101  6:51  Probe  
  107  6:57  Probe x2  
  105  7:03  Probe  
  105  7:04  Stalker  
  108  7:09  Probe  
  108  7:10  Gateway  
  108  7:11  Gateway  
  108  7:13  Gateway  
  108  7:15  Void Ray (Chrono Boost)  
  113  7:18  Gateway  
  113  7:19  Gateway  
  113  7:21  Warp Prism  
  113  7:22  Gateway  
  115  7:30  Pylon  
  115  7:31  Pylon  
  115  7:36  Stalker  
  117  7:39  Pylon  
  117  7:48  Gateway  
  117  7:57  Pylon  
  117  8:07  Pylon  
  117  8:14  Stalker x3  
  117  8:15  Stalker x2  
  117  8:18  Stalker  
  117  8:19  Stalker  
  131  8:24  Pylon x2  
  131  8:40  Zealot x2  
  131  8:41  Zealot x5  
  121  9:04  Zealot  
  121  9:05  Zealot x4  
  121  9:06  Zealot x2  
  119  9:13  Void Ray (Chrono Boost)  
  119  9:16  Immortal  
  121  9:19  Void Ray (Chrono Boost)  
  125  9:24  Probe  
  126  9:31  Mothership Core  
  126  9:40  Stargate x2  
  126  9:45  Fleet Beacon  
  126  9:49  Nexus, Void Ray (Chrono Boost)  
  126  9:51  Twilight Council, Pylon, Immortal  
  130  9:55  Void Ray (Chrono Boost)  
  138  10:00  Pylon  
  138  10:02  Pylon  
  138  10:12  Stalker x2  
  138  10:13  Stalker x2  
  138  10:14  Stalker x3  
  150  10:18  Stalker  
  154  10:23  Void Ray (Chrono Boost)  
  154  10:31  Mothership Core  
  154  10:33  Blink (Chrono Boost)  
  149  10:41  Stalker x3  
  149  10:42  Stalker  
  156  10:44  Stalker  
  156  10:48  Stalker  
  160  10:56  Stalker x2  
  162  11:14  Forge  
  162  11:23  Observer  
  158  11:28  Probe  
  149  11:50  Photon Cannon x2  
  149  11:54  Photon Cannon  
  149  11:58  Stalker x2  
  149  11:59  Stalker x3  
  159  12:04  Photon Cannon x2  
  159  12:10  Probe  
  159  12:15  Photon Cannon  
  160  12:20  Photon Cannon  
  160  12:22  Stalker x4  
  165  12:23  Stalker  
  155  12:44  Stalker  
  155  12:45  Stalker x3  
Show
View Real Time Build Order
Export as new Build Order

MCanning Protoss 

Build Orders:  

Get SALT Encoding   

  12  0:01  Probe (Chrono Boost)  
  13  0:12  Probe (Chrono Boost)  
  14  0:17  Pylon  
  14  0:22  Probe (Chrono Boost)  
  15  0:36  Probe (Chrono Boost)  
  15  0:39  Gateway  
  16  0:46  Probe (Chrono Boost)  
  17  0:53  Assimilator  
  18  0:57  Probe (Chrono Boost)  
  18  0:58  Assimilator  
  18  1:07  Probe (Chrono Boost)  
  19  1:12  Gateway  
  19  1:18  Probe (Chrono Boost)  
  20  1:27  Cybernetics Core  
  20  1:28  Probe (Chrono Boost)  
  21  1:40  Probe (Chrono Boost), Pylon  
  22  1:51  Probe (Chrono Boost)  
  23  2:01  Probe (Chrono Boost)  
  23  2:06  Stalker (Chrono Boost)  
  23  2:07  Stalker (Chrono Boost)  
  28  2:16  Warp Gate  
  28  2:17  Mothership Core  
  30  2:24  Pylon  
  30  2:38  Probe (Chrono Boost)  
  30  2:43  Stalker (Chrono Boost)  
  33  2:49  Sentry (Chrono Boost)  
  33  2:50  Probe (Chrono Boost)  
  36  3:10  Nexus  
  35  3:14  Probe (Chrono Boost)  
  35  3:15  Sentry  
  38  3:31  Pylon  
  38  3:38  Robotics Facility  
  38  3:40  Probe (Chrono Boost)  
  39  3:50  Twilight Council, Probe (Chrono Boost)  
  40  4:01  Probe (Chrono Boost)  
  41  4:11  Probe (Chrono Boost)  
  42  4:19  Pylon  
  42  4:21  Stalker x2  
  42  4:22  Probe (Chrono Boost)  
  47  4:26  Probe (Chrono Boost)  
  48  4:32  Probe (Chrono Boost)  
  48  4:34  Observer (Chrono Boost)  
  48  4:37  Probe  
  50  4:44  Gateway  
  51  4:46  Gateway  
  51  4:52  Observer (Chrono Boost)  
  51  4:53  Pylon  
  51  4:56  Blink (Chrono Boost)  
  52  5:00  Probe (Chrono Boost)  
  53  5:08  Probe (Chrono Boost)  
  53  5:09  Pylon  
  53  5:12  Probe (Chrono Boost)  
  55  5:19  Probe (Chrono Boost)  
  56  5:23  Probe (Chrono Boost)  
  56  5:24  Assimilator  
  57  5:28  Assimilator  
  57  5:29  Stalker  
  57  5:30  Stalker, Probe (Chrono Boost)  
  57  5:33  Probe (Chrono Boost)  
  63  5:39  Probe (Chrono Boost)  
  64  5:44  Probe  
  64  5:49  Probe  
  63  5:56  Probe (Chrono Boost)  
  65  5:58  Forge  
  65  6:01  Probe (Chrono Boost)  
  65  6:03  Stalker x3  
  65  6:04  Stalker  
  74  6:08  Probe (Chrono Boost)  
  75  6:11  Probe (Chrono Boost)  
  76  6:22  Probe  
  76  6:32  Probe  
  76  6:35  Nexus  
  76  6:37  Templar Archives  
  76  6:38  Protoss Ground Weapons Level 1 (Chrono Boost)  
  76  6:39  Gateway  
  77  6:40  Pylon  
  77  6:41  Pylon  
  77  6:43  Probe  
  76  6:59  Probe  
  76  7:00  Probe  
  78  7:05  Photon Cannon  
  78  7:08  Photon Cannon x2  
  78  7:11  Probe  
  78  7:13  Robotics Bay  
  79  7:16  Probe  
  80  7:23  Probe  
  80  7:27  Stalker x2  
  80  7:28  Probe  
  86  7:31  Psionic Storm  
  86  7:35  Probe  
  87  7:40  Probe  
  87  7:43  Assimilator  
  88  7:44  Pylon  
  88  7:46  Probe  
  88  7:49  Assimilator  
  88  7:50  Probe  
  90  7:52  Probe  
  90  7:57  Probe  
  91  8:00  Disruptor (Chrono Boost)  
  91  8:03  Probe  
  91  8:05  Probe  
  96  8:08  Probe  
  96  8:12  High Templar  
  99  8:13  Pylon, High Templar  
  99  8:15  Probe, Pylon  
  99  8:17  High Templar  
  104  8:27  Gateway x2  
  104  8:28  Zealot  
  104  8:30  Pylon  
  104  8:31  Gateway  
  104  8:33  Pylon  
  105  8:36  High Templar  
  107  8:50  Archon  
  107  8:54  Zealot x3  
  107  8:59  Zealot  
  62  9:17  Stalker x4  
  62  9:23  Dark Shrine  
  70  9:29  Stalker x3  
  70  9:30  Stalker  
  78  9:56  Pylon x2  
  78  9:58  Pylon  
  78  10:05  High Templar x3  
  84  10:17  Nexus  
  84  10:19  Pylon  
  80  10:39  Probe  
  80  10:40  Dark Templar  
  80  10:41  Dark Templar  
  85  10:43  Nexus  
  85  10:45  Pylon  
  85  10:49  Probe  
  86  10:54  Probe  
  86  10:56  High Templar  
  86  10:57  High Templar  
  89  11:01  Probe  
  79  11:13  Dark Templar  
  79  11:16  Probe x2  
  73  11:28  Probe  
  73  11:29  Probe  
  73  11:32  Probe  
  74  11:40  Gateway x2, Probe  
  74  11:44  Dark Templar  
  75  11:47  Probe  
  75  11:50  Sentry  
  78  11:54  Probe  
  78  11:57  Probe  
  78  12:01  Zealot x6  
  86  12:04  Probe  
  93  12:11  Gateway  
  93  12:12  Gateway  
  93  12:24  High Templar x3  
  93  12:25  High Templar  
  93  12:29  Archon  
  98  12:30  Pylon  
  98  12:31  Archon  
Tags
 
Add a new tag
Caveats
  • Supply blocks, unpowered buildings, or Contaminate may cause inaccurate times.
  • Supply counts are checked every 10 seconds.